 Dungeon Crawl Stone Soup version 0.23-a0-182-g58cdd98 (webtiles) character file.

363 mopl the Ogre Mage (level 6, -4/53 HPs)
             Began as an Ogre Fire Elementalist on Sept 20, 2018.
             Slain by Blork the orc
             ... wielding a +0 trident
              (10 damage)
             ... on level 4 of the Dungeon.
             The game lasted 00:07:10 (3484 turns).

mopl the Ogre Mage (Ogre Fire Elementalist)         Turns: 3484, Time: 00:07:12

Health: -4/53      AC:  4    Str: 13    XL:     6   Next: 67%
Magic:  1/12       EV: 10    Int: 18    God:
Gold:   102        SH:  0    Dex:  9    Spells: 6/14 levels left

rFire    + . .     SeeInvis .   s - -3 mace (curse)
rCold    . . .     Gourm    .   (no shield)
rNeg     . . .     Faith    +   a - +1 robe
rPois    .         Spirit   .   (helmet restricted)
rElec    .         Reflect  .   (no cloak)
rCorr    .         Harm     .   (gloves unavailable)
MR       .....                  (boots unavailable)
Stlth    +.........             k - amulet of faith {!P}
HPRegen  0.17/turn              d - ring of protection from fire
MPRegen  0.13/turn              (no ring)

@: lethally poisoned (-4 -> -11)
A: large, unfitting armour, tough skin 1
a: no special abilities


You were on level 4 of the Dungeon.
You were hungry.

You visited 1 branch of the dungeon, and saw 4 of its levels.

You collected 102 gold pieces.

Inventory:

Hand Weapons
 e - a +0 spear
 l - a +0 quarterstaff
 s - a cursed -3 mace (weapon)
Armour
 a - a +1 robe (worn)
Jewellery
 d - a ring of protection from fire (left hand)
 k - an amulet of faith (around neck) {!P}
Wands
 h - a wand of random effects (23)
 o - a wand of paralysis (2)
Scrolls
 i - a scroll of fog
Potions
 b - a potion of ambrosia
 f - 3 potions of curing {unknown}
 j - a potion of brilliance
 m - a potion of heal wounds {unknown}
 p - a potion of lignification {unknown}
Comestibles
 c - 4 rations
 g - 4 chunks of flesh


   Skills:
 - Level 1.7 Dodging
 - Level 1.4 Stealth
 * Level 4.6 Spellcasting
 * Level 3.5 Conjurations
 * Level 4.4 Fire Magic


You had 6 spell levels left.
You knew the following spells:

 Your Spells              Type           Power        Failure   Level  Hunger
a - Flame Tongue          Conj/Fire      ###..        2%          1    None
c - Conjure Flame         Conj/Fire      ###.....     9%          3    ###....
d - Sticky Flame          Conj/Fire      ###.....     26%         4    ####...

Your spell library contained the following spells:

 Spells                   Type           Power        Failure   Level  Hunger
 Throw Flame              Conj/Fire      ###...       4%          2    #......
 Animate Skeleton         Necr           N/A          14%         1    None
 Apportation              Tloc           #.....       14%         1    None
 Confusing Touch          Hex            #.....       14%         1    None
 Summon Small Mammal      Summ           #...         14%         1    None
 Inner Flame              Hex/Fire       ##......     17%         3    ###....
 Fireball                 Conj/Fire      ###.......   58%         5    ######.


Dungeon Overview and Level Annotations

Branches:
Dungeon (4/15)
 Temple: D:4-7

Altars:
Okawaru
Sif Muna

Annotations:
D:4 Blork the orc


Innate Abilities, Weirdness & Mutations

You are too large for most types of armour.
You have tough skin. (AC +1)


Message History

The orc closely misses you. Something hits you.
* * * LOW HITPOINT WARNING * * *
Something hits you!
* * * LOW HITPOINT WARNING * * *
The worker ant barely misses you.
Your magical contamination has completely faded away.
Casting: Sticky Flame (quite dangerous; 26% risk of failure)
Confirm with . or Enter, or press ? or * to list all spells.
Aiming: Sticky Flame (quite dangerous; 26% risk of failure)
Press: ? - help, Shift-Dir - straight line, f - worker ant
Aim: a worker ant The sticky flame hits the worker ant.
The worker ant is lightly wounded.
The worker ant is covered in liquid flames!
The worker ant burns!
The worker ant bites you.
* * * LOW HITPOINT WARNING * * *
You are lethally poisoned!
The worker ant poisons you! Something hits you!
You die...

##........# #######?
##.........### ###.####..
##............## #.........
##..............# ##.........
...[............# #.....(....
.<.......<...).# ##..........
...............## #...........
............)...### #...........
.............##.@a####...........
............#####...oo.[.........
...........## #.#..##..........
..........## #.....##..........
........### #.......###.........
#......## #........# #.........
###...## #.........# #........#
#### ..........# ##.....###
..........# ####..#


You could see a worker ant (burning) and 2 orcs.

Vanquished Creatures
  A sky beast (D:3)
  2 orc priests (D:4)
  An orc wizard (D:4)
  Ijyb (D:2)
  A worker ant (D:4)
  Robin (D:2)
  3 adders
  2 oozes
  An adder skeleton (D:4)
  A worm (D:2)
  2 dart slugs (D:1)
  5 leopard geckos
  5 orcs (D:3)
  2 giant cockroaches
  18 goblins
  8 hobgoblins
  4 jackals (D:1)
  7 kobolds
  2 bats
  2 frilled lizards
  10 rats
79 creatures vanquished.

Notes
Turn   | Place    | Note
-------+----------+-------------------------------------------
     0 | D:1      | mopl the Ogre Fire Elementalist began the quest for the
                  | Orb.
     0 | D:1      | Reached XP level 1. HP: 16/16 MP: 3/3
    23 | D:1      | Reached skill level 1 in Conjurations
   193 | D:1      | Found an iron altar of Okawaru.
   224 | D:1      | Reached XP level 2. HP: 24/24 MP: 0/5
   373 | D:1      | Reached skill level 3 in Fire Magic
   604 | D:1      | Reached XP level 3. HP: 31/31 MP: 7/7
   609 | D:1      | Learned a level 3 spell: Conjure Flame
  1048 | D:2      | Reached skill level 3 in Spellcasting
  1048 | D:2      | Reached skill level 2 in Conjurations
  1398 | D:2      | Found a faded altar of an unknown god.
  1471 | D:2      | Reached XP level 4. HP: 37/39 MP: 8/8
  1549 | D:2      | Learned a level 4 spell: Sticky Flame
  1782 | D:2      | Noticed Ijyb
  1782 | D:2      | Paralysed by Ijyb for 7 turns
  1803 | D:2      | Paralysed by Ijyb for 3 turns
  1815 | D:2      | Paralysed by Ijyb for 7 turns
  1826 | D:2      | Paralysed by Ijyb for 5 turns
  1831 | D:2      | Killed Ijyb
  2167 | D:2      | Found a deep blue altar of Sif Muna.
  2236 | D:3      | Noticed Robin
  2271 | D:2      | Reached XP level 5. HP: 15/45 MP: 0/10
  2555 | D:2      | Killed Robin
  2935 | D:3      | Noticed a sky beast
  2951 | D:3      | Killed a sky beast
  2951 | D:3      | Reached skill level 4 in Spellcasting
  2951 | D:3      | Reached skill level 3 in Conjurations
  2951 | D:3      | Reached skill level 4 in Fire Magic
  2951 | D:3      | Reached XP level 6. HP: 46/53 MP: 3/12
  3449 | D:4      | Noticed Blork the orc
  3484 | D:4      | Slain by Blork the orc

Vault maps used:
D:1:      matt_arrival_grand_opening, st_stairs_12, okawaru_ov_weapons_minmay
D:2:      kennysheep_the_goblin_king, lemuel_blue_sif_altar,
          chequers_ecumenical_altar_island, kennysheep_generic_room_10
D:3:      uniq_robin
D:4:      kennysheep_generic_room_9, uniq_crazy_yiuf_cottage, uniq_blork_the_orc

Skill      XL: |  1  2  3  4  5 |
---------------+----------------+-----
Conjurations   | 1 2 3 |  3.5
Fire Magic     | 3 4 |  4.4
Spellcasting   | 3 4 |  4.6
Dodging        | |  1.7
Stealth        | |  1.4

Action                   |  1- 3 |  4- 6 || total
-------------------------+-------+-------++-------
Melee: Spear             |    51 |    51 ||   102
       Mace              |       |     2 ||     2
 Cast: Flame Tongue      |    44 |    74 ||   118
       Conjure Flame     |       |     1 ||     1
       Sticky Flame      |       |     3 ||     3
  Use: Scroll            |       |     7 ||     7
 Stab: Sleeping          |     2 |     1 ||     3
  Eat: Chunk             |     2 |     6 ||     8
Armor: Robe              |    18 |    18 ||    36
Dodge: Dodged            |    36 |    57 ||    93

Table legend:
 A = Non-vault XP
 B = Vault XP
 C = Vault XP percentage of total XP
 D = Non-vault monster count
 E = Vault monster count
 F = Vault count percentage of total count
                 A         B        C        D         E       F
            +---------+---------+-------+---------+---------+-------
      Total |     419 |     100 |  19.3 |      57 |      22 |  27.8
            +---------+---------+-------+---------+---------+-------
        D:1 |      47 |       5 |   9.6 |      22 |       3 |  12.0
        D:2 |      40 |      85 |  68.0 |      16 |      14 |  46.7
        D:3 |     173 |      10 |   5.5 |      14 |       5 |  26.3
        D:4 |     159 |       0 |   0.0 |       5 |       0 |   0.0
            +---------+---------+-------+---------+---------+-------
